 Dungeon Crawl Stone Soup version 0.30.1-4-g462c640d31 (webtiles) character file.

Game seed: 4688740387048195419

303 Logoto the Firebug (level 6, -1/47 HPs)
             Began as a Hill Orc Fire Elementalist on Aug 15, 2023.
             Slain by a gnoll
             ... wielding a +2 spear of pain
              (6 damage)
             ... on level 3 of the Dungeon.
             The game lasted 00:12:10 (2522 turns).

Logoto the Firebug (Hill Orc Fire Elementalist)     Turns: 2522, Time: 00:12:12

Health: -1/47      AC:  3    Str: 13    XL:     6   Next: 38%
Magic:  4/10       EV:  6    Int: 15    God:
Gold:   187        SH:  0    Dex: 11    Spells: 6/10 levels left

rFire   . . .        m - +2 short sword (elec)
rCold   . . .        (no shield)
rNeg    . . .        a - +0 robe
rPois   .            (no helmet)
rElec   .            (no cloak)
rCorr   .            (no gloves)
SInv    .            l - +0 pair of boots
Will    .....        e - amulet of regeneration
Stlth   ++           (no ring)
HPRegen 1.07/turn    (no ring)
MPRegen 0.12/turn

%: no passive effects
@: held
A: no striking features
a: no special abilities


You were on level 3 of the Dungeon.
You visited 1 branch of the dungeon, and saw 3 of its levels.

You collected 187 gold pieces.

Inventory:

Hand Weapons
 g - a +3 dagger
 m - a +2 short sword of electrocution (weapon)
 o - a +1 dagger of holy wrath
Armour
 a - a +0 robe (worn)
 c - a +0 scale mail
 l - a +0 pair of boots (worn)
Jewellery
 e - an amulet of regeneration (around neck)
 p - a ring of protection from cold
Scrolls
 f - 2 scrolls of fog
 i - a scroll of amnesia {unknown}
 k - a scroll of identify {unknown}
 n - a scroll of magic mapping {unknown}
 q - a scroll of enchant weapon {unknown}
Potions
 b - a potion of magic
 d - 3 potions of curing {unknown}
 h - a potion of ambrosia {unknown}
 j - a potion of degeneration {unknown}
 r - a potion of lignification {unknown}


   Skills:
 + Level 1.2 Fighting
 + Level 1.9 Short Blades
 + Level 1.9 Armour
 + Level 2.1 Dodging
 + Level 1.8 Stealth
 + Level 0.1 Unarmed Combat
 + Level 2.7 Spellcasting
 + Level 1.6 Conjurations
 + Level 0.1 Summonings
 + Level 4.8 Fire Magic


You had 6 spell levels left.
You knew the following spells:

 Your Spells              Type           Power      Damage    Failure   Level
a - Foxfire               Conj/Fire      44%        2x1d6     5%          1
b - Summon Small Mammal   Summ           8%         N/A       19%         1
c - Scorch                Fire           32%        2d6       4%          2

Your spell library contained the following spells:

 Spells                   Type           Power      Damage    Failure   Level
 Apportation              Tloc           4%         N/A       21%         1
 Necrotise                Necr           8%         1d4       21%         1
 Inner Flame              Hex/Fire       9%         N/A       22%         3
 Volatile Blastmotes      Fire/Tloc      18%        2d11      22%         3
 Flame Wave               Conj/Fire      11%        2d6       47%         4


Dungeon Overview and Level Annotations

Branches:
Dungeon (3/15)

Altars:
Xom

Annotations:
D:3 exclusion: gnoll bouda, Jingleheimer's ghost, weakling OpTm


Message History

You see here a throwing net.
The gnoll closely misses you. The gnoll hits you with a +0 halberd.
You closely miss the gnoll. The gnoll barely misses you.
You hit the gnoll.
The gnoll is heavily wounded.
The gnoll hits you from afar with a +0 spear.
The gnoll hits you with a +0 halberd!
You hit the gnoll. Lightning courses through the gnoll!
You kill the gnoll!
The gnoll closely misses you.
The gnoll throws a throwing net.
The throwing net hits you.
You become entangled in the net!
There is a transporter landing site here.
Things that are here:
a throwing net; a throwing net
Casting: Foxfire (safe; 5% risk of failure)
Confirm with . or Enter, or press ? or * to list all spells.
Flames lash the gnoll.
The gnoll is severely wounded.
The gnoll's fire resistance burns away.
The gnoll hits you from afar with a +2 spear of pain.
You writhe in agony.
Casting: Scorch (safe; 4% risk of failure)
Confirm with . or Enter, or press ? or * to list all spells.
Flames lash the gnoll.
The gnoll is burned terribly!
You kill the gnoll!
The gnoll hits you from afar with a +2 spear of pain.
You struggle against the net.
The gnoll hits you from afar with a +2 spear of pain.
* * * LOW HITPOINT WARNING * * *
Unknown command.
Casting: Scorch (safe; 4% risk of failure)
Confirm with . or Enter, or press ? or * to list all spells.
Flames lash the gnoll.
The gnoll is heavily wounded.
The gnoll's fire resistance burns away.
The gnoll hits you from afar with a +2 spear of venom.
* * * LOW HITPOINT WARNING * * *
The gnoll hits you from afar with a +2 spear of pain.
You die...

#..≈≈#..###g###..#≈≈.# #.#
#..≈≈#......g ...#≈≈.## #.#
#..≈≈###.##'## ###≈≈..# #.#
#..≈≈..#.#...# ..≈≈..###.#
#..≈≈.##.#. g#.##.≈≈.....
#..≈≈.#..# # .#.≈≈...#
#..≈≈.##.#####.##.≈≈..#
#..≈≈..#.#8⌠8#.#.....#
#..)~.©#.g.@.'.#©†...#
#..≈≈..#.#)..#.#.....# #
#..≈≈.##.##g##.##.≈≈.# ###
#..≈≈.#g.#...#..#.≈≈.# ###..
#..≈≈)##.#⌠.⌠#.##.≈≈.# #....
#..≈≈..#.#...#.#..≈≈.###..#.
#..≈≈###.##'##.###≈≈.....###
#..≈≈#...........#≈≈.####.#.
#..≈≈#..###.###..#≈≈[# ##..


You could see 2 gnolls.

Vanquished Creatures
  Sigmund (D:3)
  A gnoll bouda (D:3)
  Natasha (D:3)
  3 gnolls (D:3)
  2 adders (D:2)
  A worm (D:2)
  3 dart slugs
  An orc (D:3)
  A bat (D:1)
  5 endoplasms
  3 giant cockroaches
  3 goblins
  4 hobgoblins
  3 quokkas (D:2)
  3 ball pythons
  4 frilled lizards
  2 kobolds (D:1)
  4 rats
45 creatures vanquished.

Vanquished Creatures (collateral kills)
  A rat (D:3)
1 creature vanquished.

Vanquished Creatures (others)
  37 foxfires
37 creatures vanquished.

Grand Total: 83 creatures vanquished

Notes
Turn   | Place    | Note
-------+----------+-------------------------------------------
     0 | D:1      | Logoto the Hill Orc Fire Elementalist began the quest for
                  | the Orb.
     0 | D:1      | Reached XP level 1. HP: 14/14 MP: 3/3
   217 | D:1      | Reached XP level 2. HP: 15/20 MP: 1/4
   393 | D:1      | Found a faded altar of an unknown god.
   600 | D:1      | Learned a level 1 spell: Summon Small Mammal
   603 | D:1      | Learned a level 2 spell: Scorch
   957 | D:2      | Reached XP level 3. HP: 26/26 MP: 3/6
  1011 | D:2      | Reached skill level 4 in Fire Magic
  1099 | D:2      | Reached skill level 1 in Armour
  1236 | D:2      | Found a shimmering altar of Xom.
  1530 | D:3      | Noticed Sigmund
  1559 | D:3      | Killed Sigmund
  1560 | D:3      | Reached skill level 1 in Fighting
  1560 | D:3      | Reached skill level 1 in Short Blades
  1560 | D:3      | Reached XP level 4. HP: 35/35 MP: 2/7
  1560 | D:3      | Reached XP level 5. HP: 40/40 MP: 2/8
  1734 | D:3      | Found Ysayhat's Distillery.
  2129 | D:3      | Noticed Natasha
  2146 | D:3      | Killed Natasha
  2147 | D:3      | Reached XP level 6. HP: 18/47 MP: 0/10
  2374 | D:3      | Found a transporter.
  2384 | D:3      | Noticed Jingleheimer's ghost (weakling OpTm)
  2395 | D:3      | Found a transporter.
  2522 | D:3      | Slain by a gnoll

Illustrated notes

Levels and vault maps discovered:
D:1:      minmay_arrival_arboretum_large, layout_loops_ring,
          chequers_ecumenical_altar_simple_redux, hangedman_decor_lopped,
          minivault_24, due_unseen_surprise
D:2:      layout_rooms, basic_altar
D:3:      layout_loops_ring, serial_shops, nicolae_shop_peninsula,
          gammafunk_ghost_gnarly_gnolls, uniq_natasha, uniq_sigmund

Skill      XL: |  1  2  3  4  5  6 |
---------------+-------------------+-----
Spellcasting   | 2 |  2.7
Fire Magic     | 4 |  4.8
Armour         | 1 |  1.9
Fighting       | 1 |  1.2
Short Blades   | 1 |  1.9
Dodging        | 2 |  2.1
Stealth        | |  1.8
Unarmed Combat | |  0.1
Conjurations   | |  1.6
Summonings     | |  0.1

Action                     |  1- 3 |  4- 6 || total
---------------------------+-------+-------++-------
  Melee: Unarmed           |    28 |       ||    28
         Punch             |     2 |       ||     2
         Dagger            |    45 |       ||    45
         Short sword       |     1 |    24 ||    25
   Cast: Foxfire           |    16 |     8 ||    24
         Scorch            |     8 |    19 ||    27
         Summon Small Mamm |       |     3 ||     3
    Use: Scroll            |       |     1 ||     1
 Armour: Scale mail        |    25 |       ||    25
         Robe              |     3 |     2 ||     5
  Dodge: Dodged            |    40 |    27 ||    67
